 Dungeon Crawl Stone Soup version 0.26.1-11-gd32895ea62 (webtiles) character file.

Game seed: 3487821879810740272

175 Zeld the Covert (level 5, -6/25 HPs)
             Began as a Spriggan Brigand on June 4, 2021.
             Was an Initiate of Fedhas.
             Killed by nerve-wracking pain
             ... invoked by a shadow imp
             ... summoned by Natasha
              (11 damage)
             ... on level 4 of the Dungeon.
             The game lasted 00:06:17 (8239 turns).

Zeld the Covert (Spriggan Brigand)                  Turns: 8239, Time: 00:06:18

Health: -6/25      AC:  3    Str:  7    XL:     5   Next: 29%
Magic:  6/6        EV: 17    Int: 12    God:    Fedhas [......]
Gold:   218        SH:  0    Dex: 19    Spells: 4/4 levels left

rFire    . . .     SeeInvis +   a - +2 dagger
rCold    . . .     Faith    .   (shield restricted)
rNeg     . . .     Spirit   .   b - +0 robe
rPois    .         Reflect  .   (helmet restricted)
rElec    .         Harm     .   c - +0 cloak
rCorr    .         Rampage  .   (gloves unavailable)
Will     .....                  (boots unavailable)
Stlth    ++++......             (no amulet)
HPRegen  0.08/turn              (no ring)
MPRegen  0.10/turn              (no ring)

@: very quick
A: very small, unfitting armour, see invisible, speed 3
a: Renounce Religion


You were on level 4 of the Dungeon.
You worshipped Fedhas.
Fedhas was noncommittal.
You visited 1 branch of the dungeon, and saw 4 of its levels.

You collected 218 gold pieces.

Inventory:

Hand Weapons
 a - a +2 dagger (weapon)
 h - a cursed -2 dagger
Missiles
 d - 21 poisoned darts (quivered)
 e - 2 curare-tipped darts
Armour
 b - a +0 robe (worn)
 c - a +0 cloak (worn)
Jewellery
 l - an uncursed ring of see invisible {unknown}
Wands
 k - a wand of acid (5)
 n - a wand of random effects (15)
Scrolls
 f - a scroll of teleportation {unknown}
 g - 5 scrolls of identify {unknown}
 i - a scroll of fog {unknown}
 j - a scroll of immolation {unknown}
Potions
 m - 2 potions of might {unknown}
 o - a potion of degeneration {unknown}
 p - a potion of cancellation {unknown}


   Skills:
 - Level 1.5 Fighting
 - Level 2.1 Short Blades
 * Level 4.1 Throwing
 - Level 1.5 Dodging
 * Level 8.3 Stealth


You had 4 spell levels left.
You didn't know any spells.
Your spell library was empty.

Dungeon Overview and Level Annotations

Branches:
Dungeon (4/15)
 Temple: D:4-7

Altars:
Cheibriados
Fedhas
Ru

Annotations:
D:4 Natasha


Innate Abilities, Weirdness & Mutations

You are very small and have problems with some larger weapons.
You are too small for most types of armour.
You have supernaturally acute eyesight. (SInv)
You cover ground extremely quickly.


Message History

Natasha hisses.
Natasha mumbles some strange words.
You hit the shadow imp.
The shadow imp is lightly wounded.
Natasha claws you.
* * * LOW HITPOINT WARNING * * *
The shadow imp closely misses you.
You can't go up here!
Unknown command.
The shadow imp misses you.
Natasha howls an incantation.
You feel disoriented.
Natasha mumbles some strange words.
Natasha mumbles some strange words.
The shadow imp barely misses you.
The shadow imp picks up a beetle and eats it.
The shadow imp gestures at you. Pain shoots through your body!
You die...
Fedhas appreciates your contribution to the ecosystem.

##..........................
#..##......#................
...#####.##########........#
#### #...# #...###### #
#.### #...# ## #.# ####...#
.## #.# #......# ..## #.#
#.##...# ...# #)# #@##...#
#..###.# #.###### .......#
######.######... #..#####
#....h.........# #..#
#.#..55..#####. ...#
#.#..5......## ..##
#h#<.#.#.....# ###
#............#
#............#


You could see Natasha (fast), a crimson imp (summoned) and 2 shadow imps.

Vanquished Creatures
  A black bear (D:3)
  A worm (D:2)
  5 dart slugs
  3 leopard geckos
  7 orcs
  9 giant cockroaches
  6 hobgoblins
  4 jackals
  A quokka (D:3)
  5 bats
  2 frilled lizards
  4 goblins
  6 kobolds
  A leopard gecko skeleton (D:4)
  7 rats
62 creatures vanquished.

Notes
Turn   | Place    | Note
-------+----------+-------------------------------------------
     0 | D:1      | Zeld the Spriggan Brigand began the quest for the Orb.
     0 | D:1      | Reached XP level 1. HP: 10/10 MP: 2/2
    63 | D:1      | Reached skill level 6 in Stealth
   184 | D:1      | Reached XP level 2. HP: 6/14 MP: 3/3
  2590 | D:2      | Reached XP level 3. HP: 10/18 MP: 4/4
  4013 | D:2      | Found a blossoming altar of Fedhas.
  4029 | D:2      | Became a worshipper of Fedhas Madash
  4290 | D:2      | Reached skill level 7 in Stealth
  4413 | D:2      | Found a snail-covered altar of Cheibriados.
  5699 | D:3      | Found a sacrificial altar of Ru.
  5764 | D:3      | Noticed a black bear
  5766 | D:3      | Killed a black bear
  5767 | D:3      | Reached skill level 8 in Stealth
  5767 | D:3      | Reached XP level 4. HP: 22/22 MP: 5/5
  5767 | D:3      | Reached XP level 5. HP: 25/25 MP: 6/6
  6099 | D:2      | Found a blossoming altar of Fedhas.
  6131 | D:2      | Found a snail-covered altar of Cheibriados.
  8197 | D:4      | Noticed Natasha
  8239 | D:4      | Killed from afar by a shadow imp

Illustrated notes

Levels and vault maps discovered:
D:1:      roderic_chinese_lattice_arrival, layout_basic, grunt_decor_resistance,
          hex_large
D:2:      layout_loops_cross, fedhas_altar_fruit_tree, kennysheep_slug_shrine,
          minmay_worlds_worst_comb
D:3:      layout_rooms, nicolae_ru_the_path_less_chosen, serial_glass,
          glass_columns_b, glass_columns_a, kennysheep_doodads
D:4:      layout_loops_cross, temple_statues, uniq_natasha

Skill      XL: |  1  2  3 |
---------------+----------+-----
Stealth        | 6 8 |  8.3
Throwing       | 4 |  4.1
Fighting       | |  1.5
Short Blades   | |  2.1
Dodging        | |  1.5

Action                   |  1- 3 |  4- 6 || total
-------------------------+-------+-------++-------
Melee: Dagger            |   165 |    92 ||   257
Throw: Dart              |     1 |       ||     1
 Stab: Sleeping          |    20 |     6 ||    26
       Distracted        |       |     2 ||     2
Armor: Robe              |    14 |     6 ||    20
Dodge: Dodged            |    71 |    57 ||   128
